 Dungeon Crawl Stone Soup version 0.29-a0-418-gc0181ea820 (webtiles) character file.

Game seed: 18135851344279853974

1052 sammy202020 the Skirmisher (level 8, 0/73 HPs)
             Began as a Minotaur Fighter on May 17, 2022.
             Slain by Duvessa
             ... wielding a +0 short sword
              (4 damage)
             ... on level 5 of the Dungeon.
             The game lasted 00:08:25 (3642 turns).

sammy202020 the Skirmisher (Minotaur Fighter)       Turns: 3642, Time: 00:08:26

Health: 0/73       AC: 15    Str: 23    XL:     8   Next: 5%
Magic:  7/7        EV:  8    Int:  7    God:
Gold:   99         SH: 11    Dex: 10    Spells: 7/7 levels left

rFire   . . .      SeeInvis .   a - +0 war axe
rCold   . . .      Faith    .   c - +1 buckler
rNeg    . . .      Spirit   .   g - +0 chain mail
rPois   .          Reflect  +   d - +2 hat
rElec   .          Harm     .   p - +2 cloak
rCorr   .          Rampage  .   (no gloves)
Will    .....                   (no boots)
Stlth   ..........              h - amulet of reflection
HPRegen 0.22/turn               (no ring)
MPRegen 0.10/turn               (no ring)

@: hasted, very quick
A: horns 2, retaliatory headbutt, strong 1, inability to read while threatened
a: no special abilities


You were on level 5 of the Dungeon.
You visited 1 branch of the dungeon, and saw 5 of its levels.

You collected 307 gold pieces.
You spent 208 gold pieces at shops.

Inventory:

Hand Weapons
 a - a +0 war axe (weapon)
 q - a +0 shortbow
 r - a +0 flail
Armour
 c - a +1 buckler (worn)
 d - a +2 hat (worn)
 g - a +0 chain mail (worn)
 p - a +2 cloak (worn)
Jewellery
 h - an amulet of reflection (around neck)
Scrolls
 n - a scroll of enchant armour
 o - a scroll of blinking
Potions
 e - a potion of magic
 f - a potion of haste
 i - 2 potions of attraction
 j - a potion of curing
 l - a potion of heal wounds {unknown}


   Skills:
 * Level 7.0 Fighting
 * Level 6.3 Axes
 + Level 5.6 Armour
 + Level 3.5 Dodging
 + Level 5.5 Shields


You had 7 spell levels left.
You didn't know any spells.
Your spell library contained the following spells:

 Spells                   Type           Power      Damage    Failure   Level
 Mephitic Cloud           Conj/Pois/Air  0%         N/A       100%        3
 Petrify                  Tmut/Erth      0%         N/A       100%        4
 Irradiate                Conj/Tmut      0%         3d13      100%        5
 Maxwell's Capacitive Co  Air            0%         ∞         100%        8


Dungeon Overview and Level Annotations

Branches:
Dungeon (5/15)
 Temple: D:4-7

Altars:

Shops:
D:3 *   D:4 [

Annotations:
D:5 Dowan, Duvessa


Innate Abilities, Weirdness & Mutations

You have a pair of horns on your head.
You reflexively headbutt those who attack you in melee.
Your muscles are strong. (Str +2)
You sometimes lose the ability to read scrolls when taking damage.


Message History

The gnoll closely misses you.
You barely miss the gnoll. x2; You hit the gnoll but do no damage.
You miss the adder. You barely miss the gnoll shaman.
You barely miss the gnoll. The adder bites you but does no damage.
Unknown command.
You closely miss the gnoll. You headbutt the gnoll.
The gnoll is heavily wounded.
You hit the gnoll. You slash the gnoll shaman! You closely miss the adder.
You closely miss the gnoll. x2; You block the adder's attack.
The gnoll hits you with a +0 spear.
* * * LOW HITPOINT WARNING * * *
The gnoll hits you but does no damage. You block the gnoll shaman's attack.
The gnoll hits you but does no damage. x3
You hit the gnoll.
The gnoll is severely wounded.
You closely miss the gnoll. You hit the gnoll shaman.
You hit the gnoll but do no damage. You slash the adder!
You kill the adder!
You hit the gnoll.
You kill the gnoll!
You slash the gnoll!
You kill the gnoll!
The gnoll hits you but does no damage. The gnoll barely misses you.
The gnoll hits you with a +2 flail of protection!
* * * LOW HITPOINT WARNING * * *
You block the gnoll shaman's attack. The gnoll hits you but does no damage.
It was a potion of mutation.
You feel extremely strange.
You lose the ability to read scrolls when threatened.
You feel stronger.
You block the gnoll's attack. x2; You block the gnoll shaman's attack.
The gnoll hits you but does no damage.
Unknown command.
You slash Duvessa!
Duvessa is moderately wounded.
You barely miss the gnoll shaman. You hit the gnoll but do no damage.
You barely miss the gnoll. You slash the gnoll!
You kill the gnoll!
The gnoll hits you but does no damage. The gnoll shaman barely misses you.
Duvessa hits you with a +0 short sword.
You die...

. ...... ..
...... #.. ......
###.# #.#....
####...##e......
........g.......
.......)eg.$...#
##..g)@g......
#....)g..##..#
###))))..##.##
.####).)).......
.......)....).##
....#......##...
......##..<.#.$..
$...............#
.......#.##...#.#


You could see Duvessa, Dowan, a gnoll shaman and 4 gnolls.

Vanquished Creatures
  Grinder (D:3)
  A centaur (D:4)
  A gnoll sergeant (D:5)
  3 scorpions (D:4)
  A necrophage (D:4)
  A howler monkey (D:4)
  A hound (D:4)
  A gnoll shaman (D:5)
  Crazy Yiuf (D:4)
  Natasha (thrice) (D:2)
  Robin (D:2)
  12 gnolls (D:5)
  4 adders
  2 ufetubi
  A worm (D:2)
  2 dart slugs
  7 orcs
  4 ball pythons
  8 endoplasms
  4 giant cockroaches
  13 goblins
  10 hobgoblins
  11 jackals
  4 quokkas
  5 bats
  A frilled lizard (D:3)
  6 kobolds
  5 rats
114 creatures vanquished.

Vanquished Creatures (others)
  6 toadstools (D:2)
6 creatures vanquished.

Grand Total: 120 creatures vanquished

Notes
Turn   | Place    | Note
-------+----------+-------------------------------------------
     0 | D:1      | sammy202020 the Minotaur Fighter began the quest for the
                  | Orb.
     0 | D:1      | Reached XP level 1. HP: 19/19 MP: 0/0
   243 | D:1      | Reached XP level 2. HP: 26/27 MP: 1/1
   458 | D:1      | Reached skill level 4 in Fighting
   743 | D:1      | Reached XP level 3. HP: 33/33 MP: 2/2
   965 | D:2      | Found a faded altar of an unknown god.
  1185 | D:2      | Got the Incunabulum of Cloudy Changing
  1187 | D:2      | Identified the +4 dagger of Honour {vorpal, rElec}
  1267 | D:2      | Noticed Natasha
  1276 | D:2      | Killed Natasha
  1277 | D:2      | Reached skill level 1 in Dodging
  1277 | D:2      | Reached XP level 4. HP: 37/41 MP: 3/3
  1362 | D:2      | Noticed Robin
  1379 | D:2      | Killed Robin
  1385 | D:2      | Noticed Natasha
  1395 | D:2      | Killed Natasha
  1515 | D:2      | Noticed Natasha
  1525 | D:2      | Killed Natasha
  1526 | D:2      | Reached XP level 5. HP: 21/47 MP: 4/4
  1884 | D:3      | Noticed Grinder
  1889 | D:3      | Paralysed by Grinder for 4 turns
  1894 | D:3      | Found Gissues's General Store.
  1904 | D:3      | Paralysed by Grinder for 2 turns
  1909 | D:3      | Killed Grinder
  1910 | D:3      | Reached skill level 5 in Fighting
  1910 | D:3      | Reached XP level 6. HP: 4/56 MP: 5/5
  2805 | D:4      | Reached skill level 6 in Fighting
  2805 | D:4      | Reached skill level 5 in Axes
  2820 | D:4      | Reached skill level 5 in Armour
  2820 | D:4      | Reached skill level 5 in Shields
  2820 | D:4      | Reached XP level 7. HP: 16/63 MP: 6/6
  3077 | D:4      | Found Quosaopp's Armour Emporium.
  3091 | D:4      | Bought a +2 hat for 208 gold pieces
  3129 | D:4      | Found a runed translucent door.
  3130 | D:4      | Noticed Crazy Yiuf
  3137 | D:4      | Killed Crazy Yiuf
  3613 | D:5      | Entered Level 5 of the Dungeon
  3633 | D:5      | Reached skill level 7 in Fighting
  3633 | D:5      | Reached XP level 8. HP: 16/73 MP: 7/7
  3633 | D:5      | Noticed Duvessa
  3633 | D:5      | Noticed Dowan
  3641 | D:5      | Gained mutation: You sometimes lose the ability to read
                  | scrolls when taking damage. [potion of mutation]
  3641 | D:5      | Gained mutation: Your muscles are strong. (Str +2) [potion
                  | of mutation]
  3642 | D:5      | Slain by Duvessa

Illustrated notes

Levels and vault maps discovered:
D:1:      co_arrival_random_square_maze, layout_basic
D:2:      layout_basic, shapermc_ecumenical_altar_notcrosses,
          minmay_gold_behind_fungi, minmay_diced_spiral, uniq_natasha,
          uniq_robin
D:3:      layout_basic, serial_shops, nicolae_shop_advertising_works
          [nicolae_subvault_shop_adworks], uniq_grinder
D:4:      layout_rooms, serial_shops,
          nicolae_shop_temple_entry_statues_fountains, uniq_crazy_yiuf_cottage
D:5:      layout_cave_pools, minmay_temple_entry_statues_fountains,
          serial_column_ruins, column_ruins_columns_water,
          column_ruins_open_medium, column_ruins_corridor_straight,
          column_ruins_grid_2, column_ruins_open_medium, column_ruins_open_tiny,
          ebering_dispersal_statue_hall, uniq_duvessa, uniq_menkaure,
          uniq_blork_the_orc

Skill      XL: |  1  2  3  4  5  6  7 |
---------------+----------------------+-----
Fighting       | 4 5 6 7 |  7.0
Axes           | 3 4 5 6 |  6.3
Armour         | 4 5 |  5.6
Dodging        | 1 2 3 |  3.5
Shields        | 4 5 |  5.5

Action                   |  1- 3 |  4- 6 |  7- 9 || total
-------------------------+-------+-------+-------++-------
Melee: War axe           |    81 |    95 |    53 ||   229
       Headbutt          |    10 |    13 |     7 ||    30
       Unarmed           |       |     7 |       ||     7
  Use: Scroll            |     5 |     4 |     3 ||    12
       Potion            |       |     1 |     3 ||     4
Armor: Scale mail        |    28 |    20 |       ||    48
       Chain mail        |       |    32 |    60 ||    92
Dodge: Dodged            |    39 |    37 |    50 ||   126
Block: Buckler           |    41 |    49 |    59 ||   149
       Reflection        |     2 |       |     2 ||     4

Table legend: (Time is in decaauts)
 A = Elapsed time spent in this place.
 B = Non-inter-level travel time spent in this place.
 C = Inter-level travel time spent in this place.
 D = Time resting spent in this place.
 E = Time spent auto-exploring this place.
 F = Levels seen in this place.
 G = Mean time per level.
                   A        B        C        D        E       F      G
               +--------+--------+--------+--------+--------+-----+--------+
         Total |   3715 |   3686 |     29 |     69 |   2838 |   5 |  743.0 |
       Dungeon |   3715 |   3686 |     29 |     69 |   2838 |   5 |  743.0 |
               +--------+--------+--------+--------+--------+-----+--------+

Top non-repeatable levels by time:
     D:3: 978 daAuts
     D:1: 949 daAuts
     D:2: 905 daAuts
     D:4: 854 daAuts
     D:5: 27 daAuts
